 Dungeon Crawl Stone Soup version 0.31-a0-690-g7ce4588941 (webtiles) character file.

Game seed: 7424755625307912411

1623 Descartes the Ducker (level 8, -3/36 HPs)
             Began as a Felid Shapeshifter on Sept 6, 2023.
             Was an Initiate of Gozag.
             Slain by a hornet (5 damage)
             ... while paralysed by a hornet
             ... on level 7 of the Dungeon.
             The game lasted 00:10:22 (7588 turns).

Descartes the Ducker (Felid Shapeshifter)           Turns: 7588, Time: 00:10:24

Health: -3/36      AC:  2    Str: 12    XL:     8   Next: 65%
Magic:  9/9        EV:  4    Int: 12    God:    Gozag
Gold:   519        SH:  0    Dex: 15    Spells: 7/7 levels left
                                        Lives:  0   Deaths: 3

rFire   . .          .
                       - Unarmed
rCold   . . .        (shield unavailable)
rNeg    + . .        (body armour unavailable)
rPois   .            (helmet unavailable)
rElec   .            (cloak unavailable)
rCorr   +            (gloves unavailable)
SInv    +            (boots unavailable)
Will    +....        s - amulet of the acrobat
Stlth   +++          t - ring of resist corrosion
HPRegen 0.26/turn    G - ring of positive energy
MPRegen 0.11/turn

%: acrobat
@: paralysed, beast-form, slowed, quick
A: beast (slay +3), very small, claws 1, fangs 3, see invisible, speed 1, shaggy
fur 2, stealthy paws, no weapons or thrown items, no armour, multi-lived
a: Begin Untransformation, Renounce Religion, Potion Petition, Call Merchant,
Bribe Branch


You were on level 7 of the Dungeon.
You worshipped Gozag.
Gozag was pleased with you.
You were a hulking beast.
You visited 1 branch of the dungeon, and saw 7 of its levels.

You collected 611 gold pieces.
You paid 92 gold pieces to Gozag.

Inventory:

Jewellery
 s - an amulet of the acrobat (around neck)
 t - a ring of resist corrosion (left paw)
 G - a ring of positive energy (right paw)
Talismans
 b - a beast talisman (active)
 c - a flux talisman
 l - a serpent talisman
Wands
 u - a wand of polymorph (6)
 v - a wand of light (2)
 w - a wand of mindburst (19)
 y - a wand of iceblast (15)
 A - a wand of charming (12)
 D - a wand of digging (1)
Scrolls
 e - a scroll of blinking {unknown}
 f - 12 scrolls of identify {unknown}
 g - a scroll of silence {unknown}
 h - 3 scrolls of fear {unknown}
 j - 2 scrolls of enchant weapon {unknown}
 m - 2 scrolls of enchant armour {unknown}
 n - a scroll of teleportation {unknown}
 o - 3 scrolls of immolation {unknown}
 p - a scroll of noise {unknown}
 E - a scroll of poison {unknown}
 H - a scroll of vulnerability {unknown}
Potions
 a - a potion of lignification
 d - 4 potions of brilliance {unknown}
 i - a potion of magic {unknown}
 k - 2 potions of heal wounds {unknown}
 q - a potion of haste {unknown}
 r - 2 potions of might {unknown}
 x - 2 potions of mutation {unknown}
 z - a potion of cancellation {unknown}
 B - a potion of curing {unknown}
 C - a potion of degeneration {unknown}
 F - a potion of attraction {unknown}


   Skills:
 + Level 4.8 Fighting
 + Level 7.0 Dodging
 + Level 6.8 Stealth
 + Level 5.7 Unarmed Combat
 + Level 5.8 Shapeshifting


You had 7 spell levels left.
You didn't know any spells.
Your spell library contained the following spells:

 Spells                   Type           Power      Damage    Failure   Level
 Kiss of Death            Conj/Necr      0%         2d5       32%         1
 Necrotise                Necr           0%         1d4       32%         1
 Summon Small Mammal      Summ           0%         N/A       32%         1
 Blink                    Tloc           0%         N/A       45%         2
 Ensorcelled Hibernation  Hex/Ice        0%         N/A       45%         2
 Passwall                 Tmut/Erth      0%         N/A       45%         2
 Scorch                   Fire           0%         2d5       45%         2
 Call Canine Familiar     Summ           0%         N/A       69%         3
 Confusing Touch          Hex            0%         N/A       69%         3
 Inner Flame              Hex/Fire       0%         N/A       69%         3
 Ozocubu's Armour         Ice            0%         N/A       69%         3
 Summon Guardian Golem    Hex/Summ       0%         N/A       69%         3
 Swiftness                Air            0%         N/A       69%         3
 Vampiric Draining        Necr           0%         2d6       69%         3
 Dispel Undead            Necr           0%         3d6       97%         4
 Flame Wave               Conj/Fire      0%         2d4       97%         4
 Leda's Liquefaction      Hex/Erth       0%         N/A       97%         4
 Manifold Assault         Tloc           0%         N/A       97%         4
 Sticky Flame             Conj/Fire      0%         2d3       97%         4
 Agony                    Necr           0%         N/A       100%        5
 Summon Cactus Giant      Summ           0%         N/A       100%        6
 Ozocubu's Refrigeration  Ice            0%         4d7       100%        7
 Portal Projectile        Hex/Tloc       Unusable   N/A       N/A         3

Dungeon Overview and Level Annotations

Branches:
Dungeon (7/15)
 Temple: D:4-7

Altars:
Gozag
Makhleb
Vehumet
Zin

Shops:
D:2 !   D:4 *[(!:

Annotations:
D:3 3 runed translucent doors, paps's ghost, amateur OpSh


Innate Abilities, Weirdness & Mutations

You are a hulking beast.
Your limbs bulge with bestial killing power. (Slay +3)
You have sharp claws.
You have razor-sharp teeth.
You have supernaturally acute eyesight. (SInv)
You cover ground quickly. (Speed+)
You are covered in thick fur. (AC +2)
Your paws help you pounce on unaware monsters.
You are incapable of wielding weapons or throwing items.
You cannot wear armour.
You gain extra lives every three experience levels.


Message History

The hornet buzzes angrily.
The hornet closely misses you.
You scratch the hornet.
The hornet is lightly wounded.
The hornet barely misses you.
A scorpion comes into view.
You completely miss the hornet.
The hornet is lightly wounded.
The hornet misses you.
The sky beast flickers out of sight for a moment.
You claw the hornet!
The hornet is moderately wounded.
The hornet closely misses you. The sky beast barely misses you.
The hornet barely misses you.
You barely miss the hornet. Your bite misses the hornet.
The hornet is moderately wounded.
The hornet stings you.
You feel yourself slow down. The sky beast completely misses you.
You scratch the hornet.
The hornet is heavily wounded.
You feel yourself speed up. The hornet misses you. The sky beast hits you.
The sky beast shocks you. The hornet completely misses you.
You claw the hornet!
The hornet is severely wounded.
The hornet completely misses you. The sky beast closely misses you.
The hornet closely misses you.
You scratch the hornet.
The hornet is severely wounded.
The sky beast misses you. The hornet stings you.
You suddenly lose the ability to move!
The hornet stings you.
You feel yourself slow down. The sky beast barely misses you.
The hornet stings you!
* * * LOW HITPOINT WARNING * * *
You feel as though you will be slow longer.
The sky beast flickers out of sight for a moment.
The sky beast barely misses you. The hornet stings you.
You die...
Your body crumbles into a pile of gold.

# #. .###
#.#######...#
#....#..Y.#.###
#.#.#.hys.....
#...#.####.#.#
#...#
#..#####.... #
#...........
#.#..#######.#
#.##.#..#######.#
................#
######..#######.#


You could see a hornet, a sky beast (invisible) and a scorpion.

Vanquished Creatures
  Sigmund (D:3)
  A sky beast (D:7)
  A water moccasin (D:7)
  2 ice beasts (D:5)
  A black bear (D:6)
  A centaur (D:5)
  A bullfrog (D:6)
  2 scorpions (D:6)
  2 vampire bats (D:6)
  A hound (D:5)
  2 jellies
  A gnoll bouda (D:6)
  2 orc priests (D:5)
  5 iguanas
  15 gnolls
  5 adders
  A white imp (D:6)
  2 ufetubi (D:6)
  2 worms (D:4)
  A dart slug (D:4)
  4 orcs
  6 ball pythons
  9 bats
  11 endoplasms
  4 giant cockroaches
  36 goblins
  31 hobgoblins
  10 kobolds
  3 quokkas
  2 frilled lizards
  3 rats
168 creatures vanquished.

Vanquished Creatures (others)
  2 orcs (D:5)
  A goblin (D:5)
3 creatures vanquished.

Grand Total: 171 creatures vanquished

Notes
Turn   | Place    | Note
-------+----------+-------------------------------------------
     0 | D:1      | Descartes the Felid Shapeshifter began the quest for the
                  | Orb.
     0 | D:1      | Reached XP level 1. HP: 9/9 MP: 2/2
   121 | D:1      | Reached XP level 2. HP: 12/12 MP: 3/3
   123 | D:1      | Reached skill level 1 in Stealth
   145 | D:1      | Reached skill level 3 in Dodging
  1036 | D:2      | Identified the +2 leather armour "Forget-Me-Not" {+Inv}
  1134 | D:2      | Found a faded altar of an unknown god.
  1203 | D:2      | Reached XP level 3. HP: 15/15 MP: 4/4
  1561 | D:2      | Found Adaicom's Distillery.
  1774 | D:2      | Reached XP level 4. HP: 14/19 MP: 5/5
  2080 | D:3      | Noticed Sigmund
  2093 | D:3      | Killed Sigmund
  2094 | D:3      | Reached skill level 4 in Dodging
  2094 | D:3      | Reached XP level 5. HP: 10/23 MP: 6/6
  2183 | D:3      | Found a burning altar of Makhleb.
  2298 | D:3      | Found a runed translucent gate.
  2299 | D:3      | Found a runed translucent gate.
  2302 | D:3      | Noticed paps's ghost (amateur OpSh)
  2320 | D:3      | Found a runed translucent gate.
  2592 | D:4      | Found Oleyvugh's Assorted Antiques.
  2805 | D:4      | Gained mutation: You are covered in thick fur. (AC +2)
                  | [Felid growth]
  2805 | D:4      | Reached XP level 6. HP: 15/27 MP: 7/7
  2863 | D:4      | Found Dugiehei's Armour Shop.
  2925 | D:4      | Found Iraiblug's Book Shop.
  2984 | D:4      | Found Wowuwo's Weapon Shoppe.
  2985 | D:4      | Found Qini's Distillery.
  3988 | D:5      | Entered Level 5 of the Dungeon
  3988 | D:5      | Noticed an ice beast
  4157 | D:5      | Found a radiant altar of Vehumet.
  4171 | D:5      | Killed from afar by an orc priest
  4686 | D:5      | Reached skill level 5 in Dodging
  4736 | D:5      | Found a glowing silver altar of Zin.
  4766 | D:5      | Reached XP level 7. HP: 30/31 MP: 8/8
  4771 | D:5      | Mangled by an ice beast
  5117 | D:5      | Reached skill level 5 in Stealth
  5538 | D:5      | Found an opulent altar of Gozag.
  5546 | D:5      | Became a worshipper of Gozag Ym Sagoz the Greedy
  5979 | D:5      | Mangled by an ice beast
  5998 | D:5      | Reached skill level 5 in Unarmed Combat
  5998 | D:5      | Reached skill level 5 in Shapeshifting
  6208 | D:6      | Reached skill level 6 in Dodging
  6215 | D:6      | Reached XP level 8. HP: 21/36 MP: 9/9
  7551 | D:7      | Reached skill level 7 in Dodging
  7578 | D:7      | Noticed a hornet
  7586 | D:7      | Paralysed by a hornet for 2 turns
  7588 | D:7      | Slain by a hornet

Illustrated notes

Levels and vault maps discovered:
D:1:      sevenhm_arrival_forest_fort_large_2, layout_loops_ring, minivault_11
D:2:      layout_loops_corners, shapermc_ecumenical_altar_ellora, serial_shops,
          nicolae_shop_industrial_runoff, chequers_serial_rivers_micro_e,
          minmay_tetromino_t4
D:3:      layout_basic, mainiacjoe_overflow_alcove_1,
          biasface_ghost_orc_armoury, uniq_sigmund
D:4:      layout_layer_cave, serial_shops, shop, shop,
          nicolae_shop_just_a_little_nook, shop, nicolae_shop_hallway_plus,
          minmay_misc_feat_rows, minmay_starry_boxes
D:5:      minmay_goblin_kobold_castle, layout_basic,
          pdpol_temple_overflow_zin_treasury_gozag_greed, fiery_altar_vehumet
D:6:      nicolae_cairo_tiling_very_big, layout_basic, serial_co_window_serial,
          co_window_of_opportunity_a, co_window_paths_a,
          co_window_of_opportunity_a, co_window_paths_b,
          co_window_of_opportunity_a, co_window_paths_a, co_window_corner_b,
          co_window_broadway_b, co_window_corner_ca, co_window_broadway_a,
          co_window_4corner_b, roderic_batcave
D:7:      layout_loops_ring, lemuel_temple_firewalk_b

Skill      XL: |  1  2  3  4  5  6  7  8 |
---------------+-------------------------+-----
Stealth        | 1 2 3 4 5 6 |  6.8
Dodging        | 3 4 5 6 7 |  7.0
Fighting       | 2 3 4 |  4.8
Shapeshifting  | 4 5 |  5.8
Unarmed Combat | 4 5 |  5.7

Action                     |  1- 3 |  4- 6 |  7- 9 || total
---------------------------+-------+-------+-------++-------
  Melee: Unarmed           |    92 |   153 |   191 ||   436
         Bite              |     7 |    14 |    23 ||    44
         Punch             |     2 |     3 |     4 ||     9
   Stab: Sleeping          |     6 |     7 |     8 ||    21
 Armour: Skin              |    21 |    52 |    69 ||   142
  Dodge: Dodged            |    60 |   144 |   182 ||   386

Table legend: (Time is in decaauts)
 A = Elapsed time spent in this place.
 B = Non-inter-level travel time spent in this place.
 C = Inter-level travel time spent in this place.
 D = Time resting spent in this place.
 E = Time spent auto-exploring this place.
 F = Levels seen in this place.
 G = Mean time per level.
                   A        B        C        D        E       F      G
               +--------+--------+--------+--------+--------+-----+--------+
         Total |   6485 |   6245 |    240 |      0 |   5180 |   7 |  926.4 |
       Dungeon |   6485 |   6245 |    240 |      0 |   5180 |   7 |  926.4 |
               +--------+--------+--------+--------+--------+-----+--------+

Top non-repeatable levels by time:
     D:4: 1617 daAuts
     D:5: 1452 daAuts
     D:6: 902 daAuts
     D:2: 811 daAuts
     D:1: 782 daAuts
     D:3: 638 daAuts
     D:7: 280 daAuts
